 Dungeon Sprint DCSS version 0.30.1-4-g462c640d31 (webtiles) character file.

Game seed: 3828162665314908476

4110 Groucho the Unseen (level 10, -10/44 HPs)
             Began as a Spriggan Enchanter on Aug 19, 2023.
             Was a High Priest of Vehumet.
             Mangled by a komodo dragon (22 damage)
             ... in the Dungeon (Sprint III: "The Ten Rune Challenge").
             The game lasted 00:05:40 (1311 turns).

Groucho the Unseen (Spriggan Enchanter)             Turns: 1311, Time: 00:05:42

Health: -10/44     AC:  9    Str:  4    XL:     10   Next: 6%
Magic:  18/26      EV: 22    Int: 20    God:    Vehumet [*****.]
Gold:   70         SH:  0    Dex: 17    Spells: 22/31 levels left

rFire   . . .        n - +1 dagger (protect)
rCold   . . .        (no shield)
rNeg    . . .        b - +0 robe
rPois   .            (helmet restricted)
rElec   .            (no cloak)
rCorr   .            (gloves unavailable)
SInv    +            (boots unavailable)
Will    +....        (no amulet)
Stlth   +++++++      (no ring)
HPRegen 0.27/turn    (no ring)
MPRegen 0.20/turn

%: no teleportation
@: lethally poisoned (-10 -> -17), under a protective aura, very quick
A: very small, no large weapons, unfitting armour, see invisible, speed 3
a: Renounce Religion


You were in the Dungeon.
You worshipped Vehumet.
Vehumet was extremely pleased with you.
You visited 1 branch You collected 70 gold pieces.

Inventory:

Hand Weapons
 a - a +1 dagger
 n - a +1 dagger of protection (weapon)
Armour
 b - a +0 robe (worn)
Wands
 p - a wand of paralysis (14)
Scrolls
 i - a scroll of blinking
 k - a scroll of torment {unknown}
 l - 3 scrolls of identify
 m - a scroll of poison {unknown}
Potions
 c - 2 potions of invisibility
 d - 3 potions of curing
 e - 2 potions of heal wounds
 f - a potion of haste
 g - 2 potions of magic
 h - 2 potions of berserk rage
 j - 4 potions of mutation {unknown}
 o - a potion of might


   Skills:
 + Level 10.0 Short Blades
 + Level 8.1 Dodging
 * Level 19.5 Stealth
 + Level 11.1 Spellcasting
 * Level 8.8 Conjurations
 + Level 11.4 Hexes


You had 22 spell levels left.
You knew the following spells:

 Your Spells              Type           Power      Damage    Failure   Level
a - Ensorcelled Hibernat  Hex/Ice        68%        N/A       1%          2
b - Confusing Touch       Hex            54%        N/A       1%          3
c - Dazzling Flash        Conj/Hex       100%       N/A       1%          3
d - Shock                 Conj/Air       100%       1d9       1%          1

Your spell library contained the following spells:

 Spells                   Type           Power      Damage    Failure   Level
 Iskenderun's Mystic Bla  Conj/Tloc      28%        2d7       2%          4
 Tukima's Dance           Hex            54%        N/A       1%          3
 Silence                  Hex/Air        17%        N/A       16%         5
 Agony                    Necr           11%        N/A       86%         5


Dungeon Overview and Level Annotations

Branches:
Dungeon (1/1)

Altars:
Cheibriados
Dithmenos
Elyvilon
Fedhas
Gozag
Hepliaklqana
Kikubaaqudgha
Makhleb
Nemelex Xobeh
Okawaru
Qazlal
Ru
Sif Muna
Trog
Uskayaw
Vehumet
Wu Jian
Xom
Yredelemnul
Zin
The Shining One
Jiyva
Lugonu


Innate Abilities, Weirdness & Mutations

You are very small and have problems with some larger weapons.
You are too small for most types of armour.
You have supernaturally acute eyesight. (SInv)
You cover ground extremely quickly. (Speed+++)


Message History

Press: ? - help, Shift-Dir - straight line The cane toad looks drowsy...
You feel very sick.
The helpless cane toad fails to defend itself.
You perforate the cane toad like a sieve!!!!!
Your weapon exudes an aura of protection.
You kill the cane toad!
Vehumet accepts your kill.
Vehumet offers you knowledge of Iskenderun's Mystic Blast.
You feel sick.
Unknown command.
Unknown command.
Casting: Ensorcelled Hibernation (safe; 1% risk of failure)
Confirm with . or Enter, or press ? or * to list all spells.
Aiming: Ensorcelled Hibernation (safe; 1% risk of failure)
Press: ? - help, Shift-Dir - straight line The cane toad looks drowsy...
You feel very sick.
You are too injured to fight recklessly!
You are too injured to fight recklessly!
The helpless cane toad fails to defend itself.
You perforate the cane toad like a sieve!!!!!
You kill the cane toad!
Vehumet accepts your kill.
You feel sick.
Your Short Blades skill increases to level 10!
Your Dodging skill increases to level 8!
Your Spellcasting skill increases to level 11!
You have reached level 10!
You feel clever.
Unknown command.
Casting: Ensorcelled Hibernation (safe; 1% risk of failure)
Confirm with . or Enter, or press ? or * to list all spells.
Aiming: Ensorcelled Hibernation (safe; 1% risk of failure)
Press: ? - help, Shift-Dir - straight line, f - komodo dragon
Aim: a komodo dragon (moderately wounded, chance to affect: 45%)
The komodo dragon resists with some effort.
You feel sick. The komodo dragon bites you!!
Ouch! That really hurt!
You die...

~≈≈~~~♣♣)#...######'#
~≈~~~....#.⌠.#__#...#+###########
≈~~~.....#...#__#...#....#.#.#...
~~.......#'###__#...##.#..#.##.##
.........#.))#__#...'##.#.#.##)#)
.........#___#__'...#)..#..#..##.
▓▓▓▓▓▓▓▓▓▓▓▓▓▓▓▓▓▓▓▓▓▓▓▓▓▓▓▓▓▓▓▓▓
♣♣~~~........~~~..
+♣♣@♣≈≈≈≈≈≈≈≈≈≈≈≈♣♣P
#.l♣♣♣♣♣♣♣♣♣♣♣♣♣♣♣♣P #..♣ ♣♣ ###+


You could see a komodo dragon.

Vanquished Creatures
  Erolcha (D)
  A deep elf pyromancer (D)
  2 cane toads (D)
  3 wandering mushrooms (D)
  A shadow (D)
  A spatial vortex (D)
  2 redbacks (D)
  5 two-headed ogres (D)
  A water elemental (D)
  A necrophage (D)
  A jelly (D)
  A wizard (D)
  Jessica (D)
  A necromancer (D)
  3 humans (D)
  A kobold demonologist (D)
  A wolf (D)
  An endoplasm (D)
  2 rats (D)
30 creatures vanquished.

Notes
Turn   | Place    | Note
-------+----------+-------------------------------------------
     0 | D        | Groucho the Spriggan Enchanter began the quest for the Orb.
     0 | D        | Reached XP level 1. HP: 9/9 MP: 5/5
     8 | D        | Reached skill level 5 in Stealth
    10 | D        | Noticed Jessica
    13 | D        | Killed Jessica
    14 | D        | Reached skill level 7 in Stealth
    14 | D        | Reached XP level 2. HP: 13/13 MP: 6/8
    18 | D        | Reached XP level 3. HP: 14/16 MP: 6/9
    74 | D        | Learned a level 2 spell: Ensorcelled Hibernation
    78 | D        | Learned a level 3 spell: Confusing Touch
    82 | D        | Learned a level 3 spell: Dazzling Flash
   105 | D        | Reached skill level 8 in Stealth
   105 | D        | Reached skill level 5 in Hexes
   341 | D        | Noticed a water elemental
   343 | D        | Killed a water elemental
   344 | D        | Reached skill level 10 in Stealth
   344 | D        | Reached skill level 5 in Spellcasting
   344 | D        | Reached XP level 4. HP: 21/21 MP: 10/12
   347 | D        | Found a radiant altar of Vehumet.
   348 | D        | Found a shimmering blue altar of Sif Muna.
   348 | D        | Found an ancient bone altar of Kikubaaqudgha.
   348 | D        | Noticed a wizard
   349 | D        | Killed a wizard
   350 | D        | Reached skill level 1 in Conjurations
   350 | D        | Reached XP level 5. HP: 24/24 MP: 10/14
   352 | D        | Reached skill level 5 in Short Blades
   352 | D        | Reached skill level 11 in Stealth
   358 | D        | Became a worshipper of Vehumet
   375 | D        | Found a shadowy altar of Dithmenos.
   376 | D        | Found a basalt altar of Yredelemnul.
   376 | D        | Found a sacrificial altar of Ru.
   379 | D        | Reached skill level 12 in Stealth
   390 | D        | Found a hide-covered altar of Uskayaw.
   390 | D        | Found an iron altar of Okawaru.
   391 | D        | Found a bloodstained altar of Trog.
   391 | D        | Found an ornate altar of the Wu Jian Council.
   391 | D        | Noticed a human
   391 | D        | Noticed a human
   399 | D        | Killed a human
   399 | D        | Reached * piety under Vehumet
   399 | D        | Offered knowledge of Shock by Vehumet.
   400 | D        | Reached skill level 13 in Stealth
   400 | D        | Reached XP level 6. HP: 28/28 MP: 14/17
   405 | D        | Learned a level 1 spell: Shock
   408 | D        | Killed a human
   409 | D        | Reached XP level 7. HP: 32/32 MP: 19/19
   416 | D        | Found a glowing silver altar of Zin.
   417 | D        | Found a glowing golden altar of the Shining One.
   417 | D        | Found a white marble altar of Elyvilon.
   417 | D        | Noticed a deep elf pyromancer
   419 | D        | Killed a deep elf pyromancer
   420 | D        | Reached skill level 15 in Stealth
   420 | D        | Reached skill level 5 in Conjurations
   443 | D        | Reached ** piety under Vehumet
   443 | D        | Offered knowledge of Scorch by Vehumet.
   451 | D        | Noticed a shadow
   453 | D        | Killed a shadow
   454 | D        | Reached XP level 8. HP: 36/36 MP: 22/22
   457 | D        | Found a blossoming altar of Fedhas.
   457 | D        | Found a stormy altar of Qazlal.
   460 | D        | Found a snail-covered altar of Cheibriados.
   460 | D        | Found a burning altar of Makhleb.
   460 | D        | Found a hazy altar of Hepliaklqana.
   460 | D        | Found a shimmering altar of Xom.
   460 | D        | Found an opulent altar of Gozag.
   460 | D        | Found a sparkling altar of Nemelex Xobeh.
   460 | D        | Found a corrupted altar of Lugonu.
   460 | D        | Found a viscous altar of Jiyva.
   462 | D        | Reached skill level 16 in Stealth
   514 | D        | Reached *** piety under Vehumet
   551 | D        | Noticed a two-headed ogre
   561 | D        | Killed a two-headed ogre
   562 | D        | Reached skill level 5 in Dodging
   562 | D        | Reached skill level 17 in Stealth
   562 | D        | Reached skill level 10 in Hexes
   742 | D        | Noticed Erolcha
   743 | D        | Noticed a two-headed ogre
   745 | D        | Killed a two-headed ogre
   745 | D        | Offered knowledge of Momentum Strike by Vehumet.
   746 | D        | Reached XP level 9. HP: 39/39 MP: 23/23
   746 | D        | Killed Erolcha
   747 | D        | Reached skill level 18 in Stealth
   747 | D        | Reached skill level 10 in Spellcasting
   756 | D        | Reached **** piety under Vehumet
   770 | D        | Noticed a wandering mushroom
   785 | D        | Killed a wandering mushroom
   991 | D        | Noticed a wandering mushroom
   993 | D        | Noticed a wandering mushroom
  1007 | D        | Killed a wandering mushroom
  1007 | D        | Offered knowledge of Stone Arrow by Vehumet.
  1009 | D        | Killed a wandering mushroom
  1010 | D        | Reached skill level 19 in Stealth
  1302 | D        | Noticed a cane toad
  1302 | D        | Noticed a komodo dragon
  1302 | D        | Noticed a cane toad
  1308 | D        | Killed a cane toad
  1308 | D        | Offered knowledge of Iskenderun's Mystic Blast by Vehumet.
  1308 | D        | Reached ***** piety under Vehumet
  1310 | D        | Killed a cane toad
  1311 | D        | Reached skill level 10 in Short Blades
  1311 | D        | Reached XP level 10. HP: 13/44 MP: 19/26
  1311 | D        | Mangled by a komodo dragon

Illustrated notes

Levels and vault maps discovered:
D:        dungeon_sprint_mu [sprint_mu_entry_forest, sprint_mu_temple_rooms,
          sprint_mu_d1_spiders, sprint_mu_d2_genie, sprint_mu_d3_branching,
          sprint_mu_orc_legion, sprint_mu_elf_gauntlet, sprint_mu_hive_nellie,
          sprint_mu_lair_fedhas, sprint_mu_vaults_butterflies,
          sprint_mu_slime_circle, sprint_mu_swamp_cave, sprint_mu_shoals_archi,
          sprint_mu_blade_basic, sprint_mu_crypt_lich, sprint_mu_tomb_spiral,
          sprint_mu_vestibule_basic, sprint_mu_gehenna_hellfire,
          sprint_mu_dis_giant, sprint_mu_tartarus_statrot,
          sprint_mu_cocytus_islands, sprint_mu_zot1]

Skill      XL: |  1  2  3  4  5  6  7  8  9 |
---------------+----------------------------+-----
Stealth        | 7 10 13 15 17 19 | 19.5
Spellcasting   | 4 5 6 7 9 11 | 11.1
Short Blades   | 2 3 4 6 7 8 10 | 10.0
Hexes          | 4 6 7 8 9 10 11 | 11.4
Conjurations   | 1 4 6 7 8 |  8.8
Dodging        | 3 5 8 |  8.1

Action                     |  1- 3 |  4- 6 |  7- 9 | 10-12 || total
---------------------------+-------+-------+-------+-------++-------
  Melee: Dagger            |     9 |     6 |    14 |       ||    29
   Cast: Ensorcelled Hiber |     3 |     1 |    11 |     1 ||    16
         Shock             |       |       |    34 |       ||    34
   Stab: Sleeping          |     6 |     6 |    13 |       ||    25
  Dodge: Dodged            |     6 |       |     7 |       ||    13
